Map: Port Aleksander LE

Players

scarlett - Winner!

  • Race: Zerg Zerg
  • League: Master
  • Spawn Location: 5:00

Astrea

  • Race: Protoss Protoss
  • League: Grandmaster
  • Spawn Location: 11:00

Event: 2019 WCS Winter Americas

VOD

Have the link to the VOD?

Description

Time

  • Played on: March 23, 2019, 1:15 p.m.
  • Length: 13:04

All games in this series

Show
View Real Time Build Order
Export as new Build Order

scarlett Zerg - Winner!

Build Orders: Hatch First, Lurkers 

Get SALT Encoding   

  12  0:00  Drone  
  13  0:12  Overlord  
  13  0:18  Drone  
  14  0:31  Drone x2  
  16  0:49  Hatchery  
  15  0:52  Drone  
  15  0:56  Drone  
  17  0:59  Drone  
  18  1:11  Extractor  
  17  1:15  Spawning Pool  
  17  1:18  Drone  
  17  1:22  Drone  
  18  1:28  Drone  
  19  1:39  Drone  
  20  1:50  Drone  
  20  1:53  Hatchery  
  21  2:01  Drone  
  21  2:04  Queen  
  23  2:13  Drone x2  
  25  2:20  Queen  
  27  2:26  Overlord  
  27  2:29  Drone  
  28  2:34  Metabolic Boost  
  31  2:44  Drone x4  
  31  2:46  Drone  
  33  2:53  Queen  
  33  2:56  Drone  
  36  3:00  Overlord  
  36  3:05  Zergling x2  
  37  3:06  Drone x2  
  37  3:12  Queen  
  39  3:15  Drone  
  42  3:22  Overlord  
  42  3:23  Drone  
  42  3:26  Drone  
  44  3:27  Drone x2  
  44  3:29  Drone x2  
  48  3:34  Lair  
  48  3:38  Zergling x2  
  48  3:41  Drone x2  
  51  3:47  Roach Warren  
  50  3:54  Drone  
  50  3:55  Drone x3  
  53  3:59  Drone x3  
  53  4:02  Drone  
  57  4:03  Overlord  
  57  4:07  Extractor  
  57  4:08  Extractor  
  55  4:14  Zergling x6  
  58  4:18  Overlord  
  59  4:24  Zergling x4  
  59  4:27  Drone x3  
  63  4:33  Overseer  
  63  4:34  Drone x3  
  63  4:36  Overlord  
  63  4:37  Overlord  
  66  4:41  Overseer  
  67  4:45  Drone  
  67  4:46  Drone x6  
  67  4:47  Glial Reconstitution  
  67  4:48  Overlord  
  73  5:01  Drone, Evolution Chamber  
  73  5:02  Drone  
  73  5:03  Extractor  
  72  5:07  Drone x7  
  72  5:09  Extractor  
  72  5:10  Extractor  
  72  5:11  Spire  
  76  5:16  Drone x5  
  81  5:27  Zerg Missile Weapons Level 1  
  81  5:28  Hatchery  
  81  5:34  Zergling x8  
  84  5:39  Hydralisk Den  
  83  5:44  Roach x5  
  93  5:52  Roach  
  93  5:53  Overlord x3, Roach  
  97  5:59  Overlord x2  
  97  6:17  Muscular Augments  
  97  6:20  Drone  
  98  6:25  Mutalisk  
  98  6:26  Mutalisk x4  
  98  6:32  Drone x9  
  117  6:33  Drone x2  
  117  6:36  Infestation Pit  
  117  6:39  Hydralisk  
  118  6:44  Hydralisk x3  
  126  6:47  Overlord  
  126  6:48  Overlord x2  
  126  6:56  Extractor  
  126  6:57  Extractor  
  126  6:58  Overlord  
  126  6:59  Overlord x2  
  124  7:11  Drone x10  
  124  7:14  Hive  
  132  7:16  Hydralisk x7  
  132  7:21  Spine Crawler x2  
  143  7:25  Zerg Missile Weapons Level 2  
  143  7:26  Zergling x8  
  145  7:39  Hydralisk x5  
  155  7:49  Overlord  
  155  7:55  Grooved Spines  
  155  7:56  Hydralisk  
  155  7:57  Hydralisk x5  
  167  8:09  Hatchery, Hydralisk x5  
  167  8:11  Zergling x10  
  181  8:29  Viper x2  
  181  8:30  Zergling x2  
  181  8:31  Zergling x16  
  196  8:47  Viper x2  
  199  8:55  Viper  
  197  9:00  Spore Crawler  
  196  9:06  Viper  
  197  9:14  Hydralisk x4  
  199  9:25  Lurker Den  
  199  9:29  Adrenal Glands  
  198  9:31  Evolution Chamber  
  197  9:42  Zerg Missile Weapons Level 3  
  197  9:48  Spine Crawler  
  197  9:49  Spine Crawler  
  187  10:02  Hydralisk  
  187  10:03  Hydralisk x7  
  187  10:06  Extractor  
  194  10:08  Extractor  
  185  10:17  Hydralisk x9  
  195  10:24  Overseer  
  195  10:25  Spine Crawler, Hydralisk x2  
  195  10:26  Spore Crawler  
  180  10:30  Overseer  
  180  10:31  Pneumatized Carapace  
  180  10:34  Spine Crawler  
  180  10:35  Spore Crawler  
  156  10:41  Drone  
  156  10:42  Zerg Melee Weapons Level 1  
  153  10:43  Drone x3  
  153  10:44  Drone x3  
  153  10:46  Spore Crawler  
  153  10:48  Spine Crawler  
  157  10:51  Zergling x32  
  157  10:56  Adaptive Talons  
  171  10:59  Lurker x3  
  171  11:01  Zergling x8  
  176  11:14  Lurker  
  176  11:16  Roach x12  
  197  11:24  Spine Crawler  
  197  11:25  Overlord x2  
  195  11:28  Greater Spire  
  195  11:30  Hydralisk  
  195  11:31  Overlord x2  
  192  11:43  Drone, Hydralisk x3  
  190  11:58  Viper x3  
  178  12:11  Hydralisk x12  
  178  12:15  Roach x3  
  190  12:22  Roach x6  
Show
View Real Time Build Order
Export as new Build Order

Astrea Protoss 

Build Orders: Phoenix Opening, Colossus Rush 

Get SALT Encoding   

  12  0:00  Probe  
  13  0:12  Probe  
  14  0:18  Pylon  
  14  0:24  Probe  
  15  0:32  Probe  
  15  0:37  Gateway  
  15  0:40  Probe  
  16  0:46  Assimilator  
  17  0:50  Probe  
  17  0:55  Assimilator  
  18  0:58  Probe  
  19  1:05  Pylon  
  19  1:06  Probe  
  20  1:17  Probe  
  20  1:24  Cybernetics Core  
  21  1:29  Probe  
  24  1:42  Probe  
  25  1:54  Probe  
  26  1:55  Sentry  
  26  1:58  Nexus  
  24  2:06  Probe  
  24  2:07  Warp Gate  
  27  2:18  Probe, Sentry, Pylon  
  30  2:30  Probe  
  30  2:36  Robotics Facility  
  24  2:44  Phoenix, Probe, Stalker  
  34  2:54  Forge  
  34  2:56  Probe  
  35  3:06  Probe  
  35  3:08  Probe  
  37  3:14  Probe, Stalker  
  37  3:16  Probe  
  37  3:18  Protoss Ground Weapons Level 1  
  40  3:23  Probe  
  40  3:25  Observer  
  40  3:26  Probe  
  44  3:35  Probe  
  44  3:38  Probe  
  46  3:44  Warp Prism  
  46  3:47  Probe  
  49  3:50  Probe  
  50  3:58  Pylon  
  50  3:59  Probe  
  50  4:00  Zealot  
  50  4:01  Pylon  
  50  4:02  Probe  
  54  4:03  Assimilator  
  54  4:05  Assimilator  
  54  4:16  Probe x2  
  56  4:21  Immortal  
  56  4:22  Robotics Bay, Pylon  
  56  4:28  Probe x2  
  56  4:31  Sentry  
  64  4:40  Probe  
  64  4:44  Probe  
  66  4:49  Gateway  
  66  4:52  Gateway  
  66  4:54  Probe  
  66  4:55  Colossus, Pylon  
  67  5:10  Extended Thermal Lance  
  67  5:14  Pylon  
  73  5:16  Protoss Ground Armor Level 1, Pylon  
  73  5:24  Probe x2  
  75  5:30  Gateway x2  
  75  5:38  Colossus  
  81  5:50  Probe x2  
  81  5:54  Twilight Council  
  83  6:05  Nexus  
  83  6:08  Pylon  
  83  6:09  Stalker  
  86  6:11  Probe x2  
  87  6:22  Blink  
  87  6:23  Probe x2  
  87  6:24  Zealot  
  91  6:26  Disruptor  
  94  6:35  Probe x2  
  94  6:38  Pylon  
  94  6:39  Pylon  
  96  6:47  Probe x2  
  96  6:48  Stalker  
  96  6:50  Adept  
  96  6:51  Adept  
  96  6:53  Stalker x2  
  108  6:59  Probe  
  108  7:00  Probe  
  110  7:08  Protoss Ground Armor Level 2  
  110  7:10  Photon Cannon  
  110  7:11  Probe, Photon Cannon  
  110  7:12  Probe  
  110  7:14  Stalker x3  
  118  7:19  Stalker x2  
  118  7:29  Disruptor  
  117  7:38  Observer  
  117  7:40  Probe  
  116  7:50  Probe x2  
  118  7:52  Probe  
  118  7:57  Stalker x5  
  129  8:06  Disruptor  
  129  8:07  Pylon  
  129  8:08  Assimilator  
  129  8:10  Assimilator  
  129  8:12  Pylon  
  132  8:15  Dark Shrine  
  130  8:28  Photon Cannon  
  130  8:31  Stalker x3  
  136  8:36  Stalker x2  
  136  8:41  Shield Battery, Pylon  
  140  8:58  Stalker x3  
  140  8:59  Stalker x2  
  150  9:04  Pylon  
  150  9:15  Charge, Pylon  
  153  9:17  Warp Prism, Pylon  
  153  9:19  Gateway  
  153  9:25  Zealot x2  
  153  9:26  Zealot  
  158  9:33  Dark Templar x2  
  162  9:49  Gateway, Stalker  
  162  9:50  Stalker x2  
  151  10:19  Stalker  
  151  10:21  Dark Templar x5  
  137  10:25  Colossus  
  119  10:31  Observer  
  113  10:39  Probe x3  
  120  10:48  Nexus  
  120  10:49  Stalker x2  
  124  10:51  Probe  
  125  11:04  Stalker x5  
  125  11:06  Colossus, Probe  
  125  11:07  Probe x2  
  125  11:08  Shadow Stride  
  136  11:21  Probe x3  
  136  11:24  Pylon  
  145  11:33  Probe x2  
  141  11:42  Stalker x7  
  141  11:46  Nexus  
  114  12:21  Robotics Facility  
  114  12:22  Robotics Facility  
Tags
 
Add a new tag
Caveats
  • Supply blocks, unpowered buildings, or Contaminate may cause inaccurate times.
  • Supply counts are checked every 10 seconds.